 Dungeon Sprint DCSS version 0.26-a0-1184-g95e395e029 (webtiles) character file.

Game seed: 15615807073601654490

557 reriks the Fighter (level 7, 0/76 HPs)
             Began as a Gargoyle Berserker on Dec 27, 2020.
             Was a Priest of Trog.
             Slain by a boulder beetle (18 damage)
             ... in the Dungeon (Sprint II: "The Violet Keep of Menkaure").
             The game lasted 00:02:32 (1217 turns).

reriks the Fighter (Gargoyle Berserker)             Turns: 1217, Time: 00:02:33

Health: 0/76       AC: 15    Str: 23    XL:     7   Next: 30%
Magic:  7/7        EV: 13    Int: 10    God:    Trog [***...]
Gold:   333        SH:  0    Dex:  9    Spells: 6/6 levels left

rFire    . . .     SeeInvis .   a - +0 mace
rCold    . . .     Faith    .   (no shield)
rNeg     + . .     Spirit   .   i - +1 scale mail of the Leaf {Rampage} (curse)
rPois    ∞         Reflect  .   j - +0 helmet {Int+3}
rElec    +         Harm     .   (no cloak)
rCorr    .         Rampage  +   (no gloves)
Will     ++...     NoTele   +   (no boots)
Stlth    ..........             (no amulet)
HPRegen  1.22/turn              (no ring)
MPRegen  0.10/turn              (no ring)

@: berserking, regenerating, very quick
A: negative energy resistance 1, electricity resistance, unbreathing,
petrification resistance, miasma immunity, AC +4
a: Renounce Religion, Berserk, Trog's Hand


You were in the Dungeon.
You worshipped Trog.
Trog was most pleased with you.
You visited 1 branch You collected 729 gold pieces.
You spent 396 gold pieces at shops.

Inventory:

Hand Weapons
 a - a +0 mace (weapon)
Armour
 b - a +0 animal skin
 i - the cursed +1 scale mail of the Leaf (worn) {Rampage}
   (You bought it in a shop in the Dungeon)

   It bestows one free step when moving towards enemies.
   It has a curse placed upon it.
 j - a +0 helmet of intelligence (worn)
Scrolls
 h - a scroll of blinking
Potions
 c - a potion of curing
 d - a potion of heal wounds
 e - a potion of haste
 f - 2 potions of magic
 g - a potion of berserk rage


   Skills:
 + Level 9.0 Fighting
 + Level 8.2 Maces & Flails
 + Level 8.7 Armour
 + Level 6.6 Dodging


You had 6 spell levels left.
You didn't know any spells.
Your spell library was empty.

Dungeon Overview and Level Annotations

Branches:
Dungeon (1/1)

Altars:

Shops:
D *:[?[!(=!?::(=}

Annotations:
D exclusions: obsidian statue and oklob plant


Innate Abilities, Weirdness & Mutations

You are resistant to torment.
Your stone body is resilient. (AC +4)
You are immune to poison.
You resist negative energy. (rN+)
You are resistant to electric shocks. (rElec)
You can survive without breathing.
You are immune to petrification.
You are immune to miasma.


Message History

There is an open door here.
The boulder beetle curls into a ball and begins rolling!
There's a creature in the doorway!
Your skin crawls.
You feel strong-willed. The boulder beetle hits you!
The boulder beetle stops rolling and uncurls.
A red film seems to cover your vision as you go berserk!
You feel yourself moving faster!
You feel mighty! The boulder beetle bites you!!
You hit the boulder beetle.
The boulder beetle is lightly wounded.
The boulder beetle bites you!!
* * * LOW HITPOINT WARNING * * *
You hit the boulder beetle but do no damage.
The boulder beetle is lightly wounded.
You hit the boulder beetle but do no damage.
The boulder beetle is lightly wounded.
The boulder beetle bites you!!
You die... ≈## zzzz

###≈≈#+++#+++##
##≈≈≈.........#
.#≈≈≈≈.##'##..#
.#≈≈≈≈###.###.####
.#≈≈≈≈#..#..#....#
.#≈≈####.#.####..##
.#≈##.###'## .##..#
.#≈###.##.##B..#@.#
.'≈+.##'.<.+# #B..#
.#≈#...##.##...#....
##≈##.###'###.##..§...
##≈≈####.).####≈≈§.§..≈#
##≈≈≈#..#..# ≈≈≈§≈≈..≈#
#'#≈##...## ≈§≈≈≈≈≈.≈#
;##!#≈≈##+## ≈≈≈≈≈§≈≈≈≈#
≈≈### ≈≈≈≈≈


You could see a boulder beetle.

Vanquished Creatures
  A merfolk siren (D)
  A water moccasin (D)
  4 worker ants (D)
  3 worms (D)
9 creatures vanquished.

Vanquished Creatures (others)
  A blink frog (D)
  Menkaure (D)
  A water moccasin (D)
3 creatures vanquished.

Grand Total: 12 creatures vanquished

Notes
Turn   | Place    | Note
-------+----------+-------------------------------------------
     0 | D        | reriks the Gargoyle Berserker began the quest for the Orb.
     0 | D        | Reached XP level 1. HP: 14/14 MP: 1/1
     1 | D        | Noticed a worker ant
     1 | D        | Noticed a worker ant
     1 | D        | Noticed a worker ant
     1 | D        | Noticed a worker ant
     6 | D        | Killed a worker ant
     7 | D        | Reached skill level 4 in Fighting
     7 | D        | Reached XP level 2. HP: 20/20 MP: 2/2
     7 | D        | Reached XP level 3. HP: 24/24 MP: 3/3
    11 | D        | Reached skill level 5 in Fighting
    12 | D        | Reached ** piety under Trog
    13 | D        | Reached XP level 4. HP: 31/31 MP: 4/4
    18 | D        | Reached skill level 5 in Maces & Flails
    18 | D        | Reached skill level 5 in Armour
    36 | D        | Killed a water moccasin
   104 | D        | Reached *** piety under Trog
   104 | D        | Killed Menkaure
   151 | D        | Found Capp's Gadget Shop.
   151 | D        | Found Ticif's Book Boutique.
   151 | D        | Found Jofooga's Jewellery Boutique.
   152 | D        | Found Puucott's Book Shop.
   152 | D        | Found Puhecs's Magic Scroll Boutique.
   152 | D        | Found Bitowe's Distillery.
   152 | D        | Found Jecim's Jewellery Boutique.
   153 | D        | Found Redor's Distillery.
   153 | D        | Found Xapneleh's Antique Armour Shop.
   153 | D        | Noticed a slime creature
   154 | D        | Found Apten's Antique Weapon Shop.
   154 | D        | Found Mauronti's Antique Weapon Boutique.
   154 | D        | Noticed a slime creature
   155 | D        | Found Ihalah's Magic Scroll Boutique.
   155 | D        | Found Zeugycup's Antique Armour Shop.
   155 | D        | Noticed a water moccasin
   155 | D        | Noticed a slime creature
   155 | D        | Noticed an oklob plant
   165 | D        | Killed a water moccasin
   166 | D        | Reached skill level 7 in Fighting
   166 | D        | Reached skill level 5 in Dodging
   166 | D        | Reached XP level 5. HP: 38/38 MP: 5/5
   212 | D        | Noticed a wyvern
   216 | D        | Noticed a blink frog
   700 | D        | Killed a blink frog
   938 | D        | Noticed a wyvern
   938 | D        | Noticed a wyvern
   940 | D        | Found Forhieh's Book Shoppe.
   940 | D        | Found Doedojal's Assorted Antiques.
   945 | D        | Noticed a yak
   945 | D        | Noticed a yak
   946 | D        | Noticed a yak
   960 | D        | Bought a crude scale mail for 216 gold pieces
   960 | D        | Bought a glowing helmet for 180 gold pieces
   975 | D        | Identified the cursed +1 scale mail of the Leaf {Rampage}
                  | (You bought it in a shop in the Dungeon)
   998 | D        | Noticed a merfolk siren
  1014 | D        | Killed a merfolk siren
  1015 | D        | Reached skill level 9 in Fighting
  1015 | D        | Reached XP level 6. HP: 28/46 MP: 6/6
  1015 | D        | Reached XP level 7. HP: 31/51 MP: 7/7
  1180 | D        | Noticed a boulder beetle
  1180 | D        | Noticed a boulder beetle
  1188 | D        | Noticed an obsidian statue
  1200 | D        | Noticed a flying skull
  1200 | D        | Noticed a flying skull
  1200 | D        | Noticed a flying skull
  1200 | D        | Noticed a flying skull
  1200 | D        | Noticed a flying skull
  1200 | D        | Noticed a flying skull
  1200 | D        | Noticed a flying skull
  1201 | D        | Noticed a flying skull
  1201 | D        | Noticed a flying skull
  1201 | D        | Noticed a flying skull
  1201 | D        | Noticed a flying skull
  1202 | D        | Noticed a flying skull
  1217 | D        | Slain by a boulder beetle

Illustrated notes

Levels and vault maps discovered:
D:        the_violet_keep_of_menkaure [sprint2_stairs_cluster_1,
          sprint2_shoproom, sprint2_temple, sprint2_basic_supplies,
          sprint2_obstacle_3, sprint2_obstacle_5, sprint2_obstacle_1,
          sprint2_obstacle_7, sprint2_obstacle_6, sprint2_timed_cluster_1,
          sprint2_smallroom_cluster_1, sprint2_smallroom_final_cluster_1,
          sprint2_transparent_cluster_1, sprint2_second_timed_cluster_1,
          sprint2_sniper_area_1, sprint2_heavy_combat_area_1,
          sprint2_mutation_trap_area_1, sprint2_forest_area_1,
          sprint2_light_combat_area_1, sprint2_behind_water_1,
          sprint2_near_end_vault_1]

Skill      XL: |  1  2  3  4  5 |
---------------+----------------+-----
Fighting       | 4 5 7 9 |  9.0
Maces & Flails | 4 6 8 |  8.2
Armour         | 3 4 6 8 |  8.7
Dodging        | 2 3 5 6 |  6.6

Action                   |  1- 3 |  4- 6 |  7- 9 || total
-------------------------+-------+-------+-------++-------
Melee: Mace              |    10 |    38 |     3 ||    51
Invok: Berserk           |     1 |     4 |     1 ||     6
       Trog's Hand       |       |       |     1 ||     1
Armor: Animal skin       |     2 |     4 |       ||     6
       Scale mail        |       |     1 |       ||     1
Dodge: Dodged            |     2 |    24 |       ||    26

Table legend: (Time is in decaauts)
 A = Elapsed time spent in this place.
 B = Non-inter-level travel time spent in this place.
 C = Inter-level travel time spent in this place.
 D = Time resting spent in this place.
 E = Time spent auto-exploring this place.
 F = Levels seen in this place.
 G = Mean time per level.
                   A        B        C        D        E       F      G
               +--------+--------+--------+--------+--------+-----+--------+
         Total |   1267 |   1267 |      0 |   1050 |     15 |   1 | 1267.0 |
       Dungeon |   1267 |   1267 |      0 |   1050 |     15 |   1 | 1267.0 |
               +--------+--------+--------+--------+--------+-----+--------+

Top non-repeatable levels by time:
       D: 1267 daAuts
